 Dungeon Crawl Stone Soup version 0.30.1-11-g7821555f0a (webtiles) character file.

Game seed: 18247510063009486409

7314 popas the Basher (level 10, -7/93 HPs)
             Began as a Minotaur Fighter on Oct 2, 2023.
             Was an Elder of Okawaru.
             Mangled by a boulder beetle (43 damage)
             ... on level 11 of the Dungeon on Nov 10, 2023.
             The game lasted 00:43:02 (9627 turns).

popas the Basher (Minotaur Fighter)                 Turns: 9627, Time: 00:43:02

Health: -7/93      AC:  8    Str: 25    XL:     10   Next: 90%
Magic:  14/14      EV: 13    Int:  5    God:    Okawaru [****..]
Gold:   596        SH:  6    Dex: 13    Spells: 9/9 levels left

rFire   . . .        d - +1 morningstar (freeze)
rCold   . . .        c - +1 buckler
rNeg    . . .        y - +3 chain mail "Tyinet" {Regen+ Dex+3 Stlth+}
rPois   .            (helmet restricted)
rElec   .            m - +1 cloak
rCorr   .            (no gloves)
SInv    +            (no boots)
Will    .....        z - amulet of regeneration Stlth
                     l - +5 ring of evasion
HPRegen 1.95/turn    o - ring of see invisible
MPRegen 0.14/turn

%: no passive effects
@: corroded
A: horns 2, retaliatory headbutt, deformed body, low MP 1
a: Renounce Religion, Heroism, Finesse


You were on level 11 of the Dungeon.
You worshipped Okawaru.
Okawaru was greatly pleased with you.
You visited 2 branches of the dungeon, and saw 12 of its levels.

You collected 596 gold pieces.

Inventory:

Hand Weapons
 d - a +1 morningstar of freezing (weapon)
 r - a +0 club
Missiles
 k - a silver javelin (quivered)
Armour
 c - a +1 buckler (worn)
 m - a +1 cloak (worn)
 w - +0 acid dragon scales
 y - the +3 chain mail "Tyinet" (worn) {Regen+ Dex+3 Stlth+}
   (You took it off a wight on level 8 of the Dungeon)

   Dex:       It affects your dexterity (+3).
   Regen:     It increases your rate of health regeneration.
   Stlth:     It makes you more stealthy.
Jewellery
 l - a +5 ring of evasion (left hand)
 o - a ring of see invisible (right hand)
 z - an amulet of regeneration (around neck)
 A - a ring of resist corrosion
 B - a ring of poison resistance
Wands
 e - a wand of flame (59)
 j - a wand of light (5)
Scrolls
 b - 2 scrolls of amnesia
 f - a scroll of magic mapping
 h - 7 scrolls of teleportation
 v - 3 scrolls of blinking
 x - a scroll of fog
Potions
 g - a potion of flight {unknown}
 i - 2 potions of attraction
 n - 2 potions of magic
 p - 3 potions of cancellation
 q - 2 potions of curing
 s - 3 potions of degeneration
 t - a potion of lignification {unknown}
 u - a potion of haste {unknown}


   Skills:
 - Level 10.1 Fighting
 - Level 10.1 Maces & Flails
 - Level 8.2 Armour
 - Level 3.6 Shields
 * Level 9.4 Invocations
 + Level 4.7 Evocations


You had 9 spell levels left.
You didn't know any spells.
Your spell library contained the following spells:

 Spells                   Type           Power      Damage    Failure   Level
 Blink                    Tloc           0%         N/A       99%         2
 Poisonous Vapours        Pois/Air       0%         N/A       99%         2
 Wereblood                Tmut           0%         N/A       99%         2
 Swiftness                Air            0%         N/A       100%        3
 Vhi's Electric Charge    Tloc/Air       0%         N/A       100%        3
 Anguish                  Hex/Necr       0%         N/A       100%        4
 Cause Fear               Hex            0%         N/A       100%        4
 Manifold Assault         Tloc           0%         N/A       100%        4
 Arcjolt                  Conj/Air       0%         1d10      100%        5
 Conjure Ball Lightning   Conj/Air       0%         3x3d6     100%        6
 Dispersal                Tloc           0%         N/A       100%        6
 Eringya's Noxious Bog    Tmut/Pois      0%         N/A       100%        6
 Plasma Beam              Fire/Air       0%         2x1d11    100%        6
 Enfeeble                 Hex            0%         N/A       100%        7
 Disjunction              Tloc           0%         N/A       100%        8
 Summon Forest            Summ/Tloc      Unusable   N/A       N/A         5
 Summon Hydra             Summ           Unusable   N/A       N/A         7

Dungeon Overview and Level Annotations

Branches:
Dungeon (11/15)            Temple (1/1) D:6             Orc (0/2) D:10
   Lair: D:8-11

Altars:
Ashenzari
Dithmenos
Elyvilon
Fedhas
Gozag
Hepliaklqana
Kikubaaqudgha
Makhleb
Nemelex Xobeh
Okawaru
Qazlal
Ru
Sif Muna
Trog
Uskayaw
Vehumet
Wu Jian
Xom
Yredelemnul
Zin
The Shining One

Shops:
D:2 ?   D:6 :   D:7 ==


Innate Abilities, Weirdness & Mutations

You have a pair of horns on your head.
You reflexively headbutt those who attack you in melee.
Armour fits poorly on your strangely shaped body.
Your magical capacity is low. (-10% MP)


Message History

The acid dragon is heavily wounded.
You block the warg's attack. The acid dragon spits acid at you.
The splash of acid hits you!! The acid corrodes you!
You hear a shout!
The acid dragon attacks as you move away!
The acid dragon bites you but does no damage.
The acid dragon claws you but does no damage.
You block the warg's attack.
You hit the warg. You freeze the warg.
The warg is moderately wounded.
The warg bites you.
You puncture the warg! You freeze the warg.
The warg is heavily wounded.
The warg bites you!
You barely miss the warg.
The warg is heavily wounded.
The warg bites you!
You hit the boulder beetle. You freeze the boulder beetle.
The boulder beetle is severely wounded.
You hit the boulder beetle. You freeze the boulder beetle.
The boulder beetle is almost dead.
The boulder beetle leaps!
You impale the warg!! You freeze the warg.
You kill the warg!
Okawaru accepts your kill.
The boulder beetle curls into a ball and begins rolling!
You sock the acid dragon! You freeze the acid dragon.
The acid dragon is severely wounded.
The acid dragon spits acid at you. The splash of acid hits you!!
You hit the acid dragon. You freeze the acid dragon.
The acid dragon is almost dead.
The acid dragon bites you!
The acid dragon claws you but does no damage.
You puncture the acid dragon! You freeze the acid dragon.
You kill the acid dragon!
Okawaru accepts your kill. The boulder beetle hits you!!!
You die...

####+#....#
..........#
..........#
..........#
.......o°.#
...B....°.#
.......○..#
#######B##
+......@.#
#........##
#######...#
#..## ####


You could see a boulder beetle (rolling) and an orc priest.

Vanquished Creatures
  A gargoyle (D:10)
  3 hornets
  Grinder (D:5)
  2 shadows
  3 wraiths
  5 yaks (D:10)
  2 vampires
  A warg (D:11)
  A water moccasin (D:8)
  3 acid dragons
  3 sky beasts
  6 orc warriors
  2 ice beasts
  3 ogres
  4 centaurs
  A phantom (D:6)
  2 bullfrogs (D:7)
  3 kobold brigands
  A scorpion (D:6)
  11 wights (D:8)
  9 killer bees
  4 electric eels (D:10)
  A howler monkey (D:9)
  4 orc priests
  3 jellies (D:5)
  Jessica (D:3)
  2 iguanas
  11 orc wizards
  5 adders
  A shadow imp (D:5)
  A white imp (D:6)
  A worm (D:3)
  2 dart slugs
  50 orcs
  6 ball pythons
  4 bats (D:2)
  4 endoplasms
  8 giant cockroaches (D:1)
  9 goblins
  6 hobgoblins
  3 jackals (D:2)
  6 quokkas
  3 frilled lizards
  15 kobolds
  6 rats
223 creatures vanquished.

Vanquished Creatures (others)
  A wizard (D:9)
  An orc (D:10)
2 creatures vanquished.

Grand Total: 225 creatures vanquished

Notes
Turn   | Place    | Note
-------+----------+-------------------------------------------
     0 | D:1      | popas the Minotaur Fighter began the quest for the Orb.
     0 | D:1      | Reached XP level 1. HP: 19/19 MP: 0/0
   144 | D:1      | Reached XP level 2. HP: 27/27 MP: 1/1
   359 | D:1      | Reached XP level 3. HP: 33/33 MP: 2/2
  1236 | D:2      | Reached skill level 5 in Maces & Flails
  1398 | D:2      | Found Weats's Magic Scroll Boutique.
  1517 | D:2      | Reached XP level 4. HP: 27/40 MP: 3/3
  1919 | D:3      | Noticed Jessica
  1924 | D:3      | Killed Jessica
  2177 | D:3      | You fall into a shaft and drop 1 floor!
  2314 | D:3      | Reached XP level 5. HP: 46/46 MP: 4/4
  2365 | D:3      | Found an ancient bone altar of Kikubaaqudgha.
  2721 | D:4      | Found a sacrificial altar of Ru.
  3185 | D:4      | Found a stormy altar of Qazlal.
  3187 | D:4      | Noticed an air elemental
  3188 | D:4      | Noticed a fire elemental
  3188 | D:4      | Noticed a water elemental
  3296 | D:5      | Entered Level 5 of the Dungeon
  3418 | D:5      | Noticed an ogre
  3449 | D:5      | Killed an ogre
  3450 | D:5      | Reached XP level 6. HP: 40/52 MP: 5/5
  3824 | D:5      | Noticed Grinder
  3824 | D:5      | Paralysed by Grinder for 2 turns
  3841 | D:5      | Paralysed by Grinder for 2 turns
  3845 | D:5      | Killed Grinder
  3846 | D:5      | Reached XP level 7. HP: 30/58 MP: 6/6
  4085 | D:5      | Found a sparkling altar of Nemelex Xobeh.
  4286 | D:6      | Reached skill level 10 in Maces & Flails
  4553 | D:6      | Found Buptaiti's Book Shop.
  4704 | D:6      | Found a staircase to the Ecumenical Temple.
  4704 | D:6      | Noticed a hornet
  4717 | Temple   | Entered the Ecumenical Temple
  4744 | Temple   | Became a worshipper of Warmaster Okawaru
  4762 | D:6      | Reached skill level 5 in Armour
  4769 | D:6      | Killed a hornet
  4769 | D:6      | Reached * piety under Okawaru
  4770 | D:6      | Reached skill level 5 in Fighting
  4770 | D:6      | Reached XP level 8. HP: 68/68 MP: 7/7
  5431 | D:7      | Gained mutation: You occasionally shout uncontrollably at
                  | your foes. [potion of mutation]
  5431 | D:7      | Lost mutation: You occasionally shout uncontrollably at
                  | your foes. [potion of mutation]
  5431 | D:7      | Gained mutation: You occasionally lose the ability to drink
                  | potions when taking damage. [potion of mutation]
  5431 | D:7      | Gained mutation: You are agile. (Dex +4, Str/Int -1)
                  | [potion of mutation]
  5457 | D:7      | Lost mutation: You are agile. (Dex +4, Str/Int -1) [potion
                  | of mutation]
  5457 | D:7      | Lost mutation: You occasionally lose the ability to drink
                  | potions when taking damage. [potion of mutation]
  5457 | D:7      | Gained mutation: You sometimes lose your temper in combat.
                  | [potion of mutation]
  5457 | D:7      | Lost mutation: You sometimes lose your temper in combat.
                  | [potion of mutation]
  5458 | D:7      | Gained mutation: You have a somewhat thin skeletal
                  | structure. (Dex +2, Stealth+) [potion of mutation]
  5458 | D:7      | Gained mutation: You have a pair of large horns on your
                  | head. [potion of mutation]
  5478 | D:7      | Found Hague's Jewellery Shoppe.
  5503 | D:7      | Upgraded the game from 0.30.1-9-gdf580d7c3d to
                  | 0.30.1-11-g7821555f0a
  5561 | D:7      | Got Performing Successful Ritual Knowledge
  5612 | D:7      | Found Fasm's Jewellery Shop.
  5812 | D:7      | Reached ** piety under Okawaru
  5813 | D:7      | Reached XP level 9. HP: 77/81 MP: 8/8
  5863 | D:7      | Reached skill level 1 in Invocations
  6001 | D:7      | Identified the +7 rapier of the Kidney {distort, Int+3}
  6177 | D:7      | Lost mutation: You have a pair of large horns on your head.
                  | [potion of mutation]
  6177 | D:7      | Lost mutation: You have a somewhat thin skeletal structure.
                  | (Dex +2, Stealth+) [potion of mutation]
  6177 | D:7      | Gained mutation: You possess an exceptional clarity of
                  | mind. [potion of mutation]
  6177 | D:7      | Gained mutation: You have a pair of large horns on your
                  | head. [potion of mutation]
  6177 | D:7      | Gained mutation: Your system is resistant to poisons.
                  | (rPois) [potion of mutation]
  6178 | D:7      | Lost mutation: You have a pair of large horns on your head.
                  | [potion of mutation]
  6178 | D:7      | Lost mutation: You possess an exceptional clarity of mind.
                  | [potion of mutation]
  6178 | D:7      | Lost mutation: Your system is resistant to poisons. (rPois)
                  | [potion of mutation]
  6178 | D:7      | Gained mutation: Your mind is acute. (Int +4, Str/Dex -1)
                  | [potion of mutation]
  6178 | D:7      | Gained mutation: Armour fits poorly on your strangely
                  | shaped body. [potion of mutation]
  6178 | D:7      | Gained mutation: You are partially covered in iridescent
                  | scales. (AC +2) [potion of mutation]
  6181 | D:7      | Lost mutation: Your mind is acute. (Int +4, Str/Dex -1)
                  | [potion of mutation]
  6181 | D:7      | Lost mutation: You are partially covered in iridescent
                  | scales. (AC +2) [potion of mutation]
  6181 | D:7      | Gained mutation: Your magical capacity is low. (-10% MP)
                  | [potion of mutation]
  6366 | D:8      | Identified the +3 chain mail "Tyinet" {Regen+ Dex+3 Stlth+}
  6407 | D:8      | Reached *** piety under Okawaru
  6699 | D:8      | Reached skill level 10 in Fighting
  6699 | D:8      | Reached skill level 5 in Invocations
  7364 | D:9      | Found a shimmering blue altar of Sif Muna.
  7367 | D:9      | Found a bloodstained altar of Trog.
  7370 | D:9      | Noticed a wizard
  7374 | D:9      | Killed a wizard
  7464 | D:9      | Reached skill level 1 in Evocations
  7464 | D:9      | Reached XP level 10. HP: 49/93 MP: 10/12
  7512 | D:9      | Reached **** piety under Okawaru
  7841 | D:9      | Got the Essays on the Lungs
  7843 | D:9      | Found a hazy altar of Hepliaklqana.
  7947 | D:9      | Found a blossoming altar of Fedhas.
  8029 | D:10     | Entered Level 10 of the Dungeon
  8405 | D:10     | Found an ornate altar of the Wu Jian Council.
  8584 | D:10     | Received a gift from Okawaru
  8609 | D:10     | Noticed a gargoyle
  8624 | D:10     | Killed a gargoyle
  9017 | D:10     | Found a staircase to the Orcish Mines.
  9292 | D:10     | Found a broken altar of Ashenzari.
  9292 | D:10     | Found a basalt altar of Yredelemnul.
  9349 | D:10     | Found a glowing silver altar of Zin.
  9591 | D:11     | Noticed a boulder beetle
  9627 | D:11     | Mangled by a boulder beetle

Illustrated notes

Levels and vault maps discovered:
D:1:      dpeg_arrival_orchard, layout_basic, dk_noncrumbling_4,
          grunt_decor_one_mirror, amcnicky_mini_corridor_feature,
          grunt_decor_resistance, corexii_item_surrounded_by_moat,
          minmay_worlds_worst_comb
D:2:      layout_loops_corners, serial_shops, shop
D:3:      layout_loops_ring, mainiacjoe_overflow_alcove_1, uniq_jessica
D:4:      layout_basic, kennysheep_mini, nicolae_qazlal_style_of_elements,
          hangedman_decor_opposing
D:5:      layout_loops_corners, nemelex_xobeh_ov_fountains_minmay,
          serial_bayou_pond_d, uniq_grinder
D:6:      layout_layer_cave, minmay_temple_entry_slanted, serial_shops,
          nicolae_book_shop_shelving
D:7:      layout_cave_pools, serial_shops, nicolae_shop_gaudy_bauble,
          shop_statue, palyth_stone_intersect, minmay_three_doors
D:8:      layout_basic, moated_statue
D:9:      layout_basic, mainiacjoe_overflow_boulevard,
          lemuel_coloured_pillars_altar, trog_wizard, kennysheep_mini_moat,
          dk_noncrumbling_2
D:10:     layout_loops_ring, mainiacjoe_overflow_paths,
          nicolae_overflow_hidden_temple, erik_orc_2
D:11:     layout_gridville, erik_lair_orcish_takeover, gammafunk_ghost_arena,
          gauntlet_entry_generic
Temple:   nicolae_temple_cloud_nine

Skill      XL: |  1  2  3  4  5  6  7  8  9 10 |
---------------+-------------------------------+-----
Maces & Flails | 3 4 5 6 7 9 10 | 10.1
Fighting       | 5 7 10 | 10.1
Armour         | 6 8 |  8.2
Invocations    | 6 9 |  9.4
Evocations     | 1 4 |  4.7
Shields        | |  3.6

Action                     |  1- 3 |  4- 6 |  7- 9 | 10-12 || total
---------------------------+-------+-------+-------+-------++-------
  Melee: Flail             |   112 |    99 |   182 |       ||   393
         Headbutt          |    13 |    13 |    40 |    31 ||    97
         Morningstar       |       |       |    48 |   182 ||   230
  Throw: Boomerang         |       |     1 |     3 |       ||     4
         Javelin           |       |       |       |     2 ||     2
 Invoke: Heroism           |       |       |     1 |     2 ||     3
         Finesse           |       |       |       |     1 ||     1
  Evoke: Wand              |       |     1 |       |     7 ||     8
    Use: Scroll            |     4 |     5 |     8 |     5 ||    22
         Potion            |       |     3 |    10 |     2 ||    15
   Stab: Distracted        |       |       |       |     1 ||     1
         Invisible         |       |       |       |     1 ||     1
 Armour: Scale mail        |    47 |    17 |    53 |       ||   117
         Chain mail        |       |       |    13 |    45 ||    58
  Dodge: Dodged            |    44 |    62 |   165 |   105 ||   376
  Block: Buckler           |    18 |    22 |    63 |    48 ||   151
